 Dungeon Crawl Stone Soup version 0.31-a0-455-g1a7b003ef0 (webtiles) character file.

Game seed: 13489392598441931364

98 ytrimaz the Changeling (level 4, 0/33 HPs)
             Began as a Demonspawn Shapeshifter on Aug 4, 2023.
             Killed by divine providence
             ... invoked by an orc priest
              (12 damage)
             ... on level 3 of the Dungeon.
             The game lasted 00:02:12 (2104 turns).

ytrimaz the Changeling (Demonspawn Shapeshifter)    Turns: 2104, Time: 00:02:12

Health: 0/33       AC:  2    Str: 17    XL:     4   Next: 44%
Magic:  4/4        EV: 12    Int: 10    God:
Gold:   107        SH:  0    Dex: 13    Spells: 3/3 levels left

rFire   . .          .
                       - Unarmed
rCold   . . .        (no shield)
rNeg    . . .        a - +0 animal skin
rPois   +            (helmet currently unavailable)
rElec   .            (cloak currently unavailable)
rCorr   .            (gloves currently unavailable)
SInv    .            (boots currently unavailable)
Will    .....        (no amulet)
Stlth   +            d - ring of poison resistance
HPRegen 0.25/turn    (no ring)
MPRegen 0.09/turn

%: no passive effects
@: beast-form
A: beast (slay +2), powered by pain 1
a: Begin Untransformation


You were on level 3 of the Dungeon.
You were a hulking beast.
You visited 1 branch of the dungeon, and saw 3 of its levels.

You collected 107 gold pieces.


Innate Abilities, Weirdness & Mutations

You are a hulking beast.
Your limbs bulge with bestial killing power. (Slay +2)
You sometimes gain a little power by taking damage.


   Skills:
 + Level 2.1 Fighting
 - Level 1.7 Dodging
 + Level 3.3 Unarmed Combat
 * Level 3.5 Shapeshifting


You had 3 spell levels left.
You didn't know any spells.
Your spell library contained the following spells:

 Spells                   Type           Power      Damage    Failure   Level
 Sublimation of Blood     Necr           0%         N/A       50%         2
 Wereblood                Tmut           0%         N/A       50%         2
 Inner Flame              Hex/Fire       0%         N/A       75%         3
 Flame Wave               Conj/Fire      0%         2d4       98%         4
 Sticky Flame             Conj/Fire      0%         2d3       98%         4
 Summon Hydra             Summ           0%         N/A       100%        7

Inventory:

Missiles
 k - 2 throwing nets
Armour
 a - a +0 animal skin (worn)
Jewellery
 d - a ring of poison resistance (left hand)
   (You found it on level 1 of the Dungeon)
 g - a ring of willpower
   (You found it on level 2 of the Dungeon)
Talismans
 c - a beast talisman (active)
Scrolls
 b - a scroll of poison {unknown}
 e - 2 scrolls of teleportation
 i - a scroll of blinking {unknown}
 j - a scroll of noise {unknown}
 l - a scroll of immolation {unknown}
Potions
 f - a potion of might
 h - 3 potions of curing
 m - a potion of degeneration {unknown}
 n - a potion of brilliance {unknown}

Dungeon Overview and Level Annotations

Branches:
Dungeon (3/15) Zot: 15902

Altars:

########### #..........
#.......... #.h........
#.S.....(.. ##)†........
##...........
#............
###o#.......... .
######..o...........
...###..?....#...........
.....o....{.......#......


You could see an orc priest, an orc and a ball python.


Message History

There is a stone staircase leading up here.
There are monsters nearby!
There are monsters nearby!
The goblin shouts!
The goblin closely misses you.
You hit the goblin.
The goblin hits you with a +0 dagger. 😕 HP[-1]
You take 1 damage, and now have 32/33 hp.
You barely miss the goblin. You barely miss the goblin.
The goblin closely misses you. 😎 HP[+1]
Your hp is fully restored (33).
You closely miss the goblin.
The goblin hits you with a +0 dagger. 😕 HP[-2]
You take 2 damage, and now have 31/33 hp.
You hit the goblin.
The goblin hits you with a +0 dagger. 😕 HP[-2]
You take 2 damage, and now have 29/33 hp.
You closely miss the goblin. The hobgoblin hits you.
The goblin hits you but does no damage. 😕 HP[-4]
You take 4 damage, and now have 25/33 hp.
You hit the goblin.
You kill the goblin!
The hobgoblin hits you.
You hit the hobgoblin.
You kill the hobgoblin!
No target in view!
No target in view!
No target in view!
No target in view!
No target in view!
No target in view!
No target in view!
No target in view!
You see here a hobgoblin corpse.
Found an escape hatch in the ceiling. 😎 HP[+8]
Your hp is fully restored (33).
l - a scroll labelled GULUONL OJEYPLU
n - an inky potion No target in view!
h - 4 potions of curing (gained 2)
Found a stone staircase leading up.
A ball python comes into view.
A ball python is nearby!
A ball python is nearby!
An orc priest comes into view. It is wielding a +0 dagger.
The ball python hisses angrily.
The orc priest shouts!
You hear a shout! x4
An orc comes into view. It is wielding a +0 hand axe.
An orc wizard comes into view. It is wielding a +0 dagger.
The orc wizard shouts!
The orc priest invokes the aid of Beogh against you.
Beogh smites you!
An orc comes into view. It is wielding a +0 dagger.
The ball python barely misses you. The ball python grabs you.
The ball python constricts you. 😮 HP[-14]
You take 14 damage, and now have 19/33 hp.
MASSIVE DAMAGE!! (PAUSE)
You feel better.
An orc wizard comes into view. It is wielding a +0 dagger.
The ball python bites you.
The ball python constricts you. 😕 HP[+10]
You regained 10 hp, and now have 29/33 hp.
You escape the ball python's grasp. 😕 HP[+1]
The ball python attacks as you move away!
The ball python bites you.
You see here a scroll labelled GULUONL OJEYPLU. 😕 HP[-1]
You take 1 damage, and now have 29/33 hp.
The ball python attacks as you move away!
The ball python completely misses you. 😕 HP[+1] Unknown command.
The ball python closely misses you. The ball python grabs you.
The ball python constricts you.
You escape the ball python's grasp.
The orc priest calls down the wrath of Beogh upon you.
Beogh smites you!
* * * LOW HITPOINT WARNING * * *
😨 HP[-14]
You take 14 damage, and now have 16/33 hp.
MASSIVE DAMAGE!! (PAUSE) 😮 HP[+1]
The orc priest mumbles some strange prayers to Beogh against you.
Pain shoots through your body!
* * * LOW HITPOINT WARNING * * *
You see here a +0 dagger. 😨 HP[-5]
You take 5 damage, and now have 12/33 hp.
The orc wizard mumbles some strange words.
The orc wizard flickers and vanishes!
Deactivating autopickup; reactivate with Ctrl-A.
The orc priest invokes the aid of Beogh against you.
Beogh smites you!
You die...

Skill      XL: |  1  2  3 |
---------------+----------+-----
Shapeshifting  | 3 |  3.5
Unarmed Combat | 3 |  3.3
Fighting       | 2 |  2.1
Dodging        | |  1.7

Action                     |  1- 3 |  4- 6 || total
---------------------------+-------+-------++-------
  Melee: Unarmed           |   119 |    39 ||   158
         Punch             |     4 |       ||     4
    Use: Scroll            |     2 |     1 ||     3
         Potion            |     1 |     1 ||     2
   Stab: Sleeping          |     1 |       ||     1
 Armour: Animal skin       |    21 |     3 ||    24
         Skin              |     3 |     6 ||     9
  Dodge: Dodged            |    89 |     9 ||    98

Levels and vault maps discovered:
D:1:      arrival_aquarium_a, layout_loops_cross, hangedman_decor_push
D:2:      layout_loops_corners
D:3:      layout_rooms, minivault_11, corexii_item_surrounded_by_moat,
          kennysheep_generic_room_7

Notes
Turn   | Place    | Note
-------+----------+-------------------------------------------
     0 | D:1      | ytrimaz the Demonspawn Shapeshifter began the quest for the
                  | Orb.
     0 | D:1      | Reached XP level 1. HP: 15/15 MP: 1/1
     0 | D:1      | magus.rc [v1.9.6]
     1 | D:1      | Noticed an electric eel
   180 | D:1      | Gained mutation: You sometimes gain a little power by
                  | taking damage. [demonic ancestry]
   180 | D:1      | Reached XP level 2. HP: 18/21 MP: 2/2
   238 | D:1      | Reached skill level 3 in Shapeshifting
   323 | D:1      | HP: 5/21 [ball python (2)]
   325 | D:1      | Reached skill level 3 in Unarmed Combat
   468 | D:1      | You pick up a book of Blood and begin reading...
   468 | D:1      | You add the spells Sublimation of Blood, Wereblood and
                  | Summon Hydra to your library.
   642 | D:1      | You pick up a book of Flames and begin reading...
   642 | D:1      | You add the spells Inner Flame, Sticky Flame and Flame Wave
                  | to your library.
   845 | D:2      | Reached XP level 3. HP: 24/26 MP: 3/3
  1309 | D:2      | Reached skill level 2 in Fighting
  1378 | D:2      | HP: 6/27 [gnoll/+0 spear (4)]
  1381 | D:2      | Reached XP level 4. HP: 12/33 MP: 4/4
  2104 | D:3      | Killed from afar by an orc priest

Vanquished Creatures
  4 gnolls
  An adder (D:2)
  2 dart slugs (D:1)
  5 endoplasms
  A giant cockroach (D:1)
  3 goblins
  8 hobgoblins
  3 quokkas
  3 ball pythons
  6 bats
  2 frilled lizards
  4 kobolds
  4 rats
46 creatures vanquished.

Table legend:
 A = Non-vault XP
 B = Vault XP
 C = Vault XP percentage of total XP
 D = Non-vault monster count
 E = Vault monster count
 F = Vault count percentage of total count
                 A         B        C        D         E       F
            +---------+---------+-------+---------+---------+-------
      Total |     141 |       0 |   0.0 |      46 |       0 |   0.0
            +---------+---------+-------+---------+---------+-------
        D:1 |      54 |       0 |   0.0 |      23 |       0 |   0.0
        D:2 |      83 |       0 |   0.0 |      21 |       0 |   0.0
        D:3 |       4 |       0 |   0.0 |       2 |       0 |   0.0
            +---------+---------+-------+---------+---------+-------

Skill      XL: |  1  2  3 |
---------------+----------+-----
Shapeshifting  | 3 |  3.5
Unarmed Combat | 3 |  3.3
Fighting       | 2 |  2.1
Dodging        | |  1.7

Action                     |  1- 3 |  4- 6 || total
---------------------------+-------+-------++-------
  Melee: Unarmed           |   119 |    39 ||   158
         Punch             |     4 |       ||     4
    Use: Scroll            |     2 |     1 ||     3
         Potion            |     1 |     1 ||     2
   Stab: Sleeping          |     1 |       ||     1
 Armour: Animal skin       |    21 |     3 ||    24
         Skin              |     3 |     6 ||     9
  Dodge: Dodged            |    89 |     9 ||    98

Illustrated notes

Table legend:
 A = Kills in this place as a percentage of kills in the entire game.
 B = Kills by you in this place as a percentage of kills by you in the entire game.
 C = Kills by friends in this place as a percentage of kills by friends in the entire game.
 D = Other kills in this place as a percentage of other kills in the entire game.
 E = Experience gained in this place as a percentage of experience gained in the entire game.
 F = Experience gained in this place divided by the number of levels of this place that you have seen.
                   A       B       C       D       E      F
               +-------+-------+-------+-------+-------+----------------------
         Total | 100.0 | 100.0 |   N/A |   N/A | 100.0 |  47.0
       Dungeon | 100.0 | 100.0 |   N/A |   N/A | 100.0 |  47.0
               +-------+-------+-------+-------+-------+----------------------

Table legend: (Time is in decaauts)
 A = Elapsed time spent in this place.
 B = Non-inter-level travel time spent in this place.
 C = Inter-level travel time spent in this place.
 D = Time resting spent in this place.
 E = Time spent auto-exploring this place.
 F = Levels seen in this place.
 G = Mean time per level.
                   A        B        C        D        E       F      G
               +--------+--------+--------+--------+--------+-----+--------+
         Total |   2096 |   2034 |     62 |     76 |   1590 |   3 |  698.7 |
       Dungeon |   2096 |   2034 |     62 |     76 |   1590 |   3 |  698.7 |
               +--------+--------+--------+--------+--------+-----+--------+

Top non-repeatable levels by time:
     D:2: 1165 daAuts
     D:1: 856 daAuts
     D:3: 74 daAuts
